 Dungeon Crawl Stone Soup version 0.17-a0-1720-gde3053d (webtiles) character file.

80 Engledude530 the Skirmisher (level 4, 0/40 HPs)
             Began as a Draconian Berserker on Aug 28, 2015.
             Was a Believer of Trog.
             Slain by an ogre
             ... wielding a +0 giant club
              (14 damage)
             ... on level 3 of the Dungeon.
             The game lasted 00:21:11 (2016 turns).

Engledude530 the Skirmisher (Draconian Berserker)   Turns: 2016, Time: 00:21:11

Health: 0/40       AC:  6    Str: 20      XL:     4   Next: 18%
Magic:  4/4        EV: 12    Int:  7      God:    Trog [**....]
Gold:   56         SH:  2    Dex:  8 (11) Spells: 0 memorised, 3 levels left

rFire  . . .     SeeInvis .     v - +1 spear (flame)
rCold  . . .     Clarity  .     (armour unavailable)
rNeg   . . .     SustAt   .     z - +0 buckler
rPois  .         Gourm    .     (helmet restricted)
rElec  .         Spirit   .     q - +0 cloak
rCorr  .         Warding  .     (no gloves)
rMut   .         Stasis   .     (no boots)
MR     .....                    (no amulet)
Stlth  +.........               (no ring)
                                (no ring)

@: not resistant to hostile enchantments, very unstealthy
A: unfitting armour, antennae 1, stinger 2, cold-blooded, AC +5
a: Burn Spellbooks, Berserk, Trog's Hand, Renounce Religion


You were on level 3 of the Dungeon.
You worshipped Trog.
Trog was pleased with you.
You were hungry.

You visited 1 branch of the dungeon, and saw 3 of its levels.

You collected 56 gold pieces.

Inventory:

Hand weapons
 a - a +0 falchion
 e - a +0 dagger
 g - a +0 flail
 k - a +0 club
 l - a +0 mace
 p - a cursed -3 club
 v - a +1 spear of flaming (weapon)
 A - a +0 hunting sling
Missiles
 h - 40 stones
 m - 26 bolts (quivered)
 y - 16 arrows
Armour
 c - a +0 robe
 i - a +0 ring mail
 q - a +0 cloak (worn)
 s - a +0 leather armour
 w - a +0 scale mail
 z - a +0 buckler (worn)
Jewellery
 x - an uncursed amulet of the gourmand {unknown}
Scrolls
 u - a scroll of recharging
Potions
 j - a potion of flight
 o - a potion of degeneration
 B - a potion of cancellation {unknown}
Comestibles
 b - 2 bread rations
 f - a royal jelly
 n - a beef jerky
 t - 5 chunks of flesh


   Skills:
 * Level 4.0 Fighting
 * Level 0.2(1.9) Short Blades
 - Level 3.2 Long Blades
 - Level 1.0 Maces & Flails
 + Level 0.2 Polearms
 + Level 3.8 Dodging


You had 3 spell levels left.
You didn't know any spells.

Dungeon Overview and Level Annotations

Branches:
Dungeon (3/15)

Altars:
The Shining One

Annotations:
D:2 exclusion: plant


Innate Abilities, Weirdness & Mutations

Your plain brown scales are hard (AC +5).
Your body does not fit into most forms of armour.
You are cold-blooded and may be slowed by cold attacks.
You have a pair of small antennae on your head.
Your tail ends in a sharp poisonous barb.


Message History

c - a robe
Found a stone staircase leading down.
An ooze comes into view.
You hit the ooze but do no damage.
The ooze jiggles.
The ooze barely misses you.
You hit the ooze. You burn the ooze. You tail-slap the ooze.
The ooze is poisoned.
The ooze is moderately wounded.
The ooze hits you.
You hit the ooze. You burn the ooze.
You kill the ooze!
Trog accepts your kill.
Your Fighting skill increases to level 4!
An ogre comes into view. It is wielding a giant club.
The ogre shouts!
The ogre hits you with a giant club!!
Ouch! That really hurt!
You barely miss the ogre. The ogre hits you with a giant club!
You die...

#....###
#....>.
#.....#
#.....###
#.......
#.....#
#.....#
#..@..#
#.#O#.# #
#.#.#
#.#.#
#.#.#
#.#.#
#.#.#
#.#.# #.#


You could see an ogre.

Vanquished Creatures
  A gnoll (D:1)
  2 adders (D:2)
  An ooze (D:3)
  2 worms (D:2)
  2 giant geckos (D:1)
  5 bats
  3 giant cockroaches
  6 goblins
  7 hobgoblins
  3 kobolds
  A giant newt (D:1)
  4 rats
  A plant (D:2)
38 creatures vanquished.

Notes
Turn   | Place    | Note
--------------------------------------------------------------
     0 | D:1      | Engledude530 the Draconian Berserker began the quest for the Orb.
     0 | D:1      | Reached XP level 1. HP: 19/19 MP: 1/1
   269 | D:1      | Gained mutation: You have a pair of small antennae on your head. [potion of mutation]
   269 | D:1      | Gained mutation: Your tail ends in a poisonous barb. [potion of mutation]
   269 | D:1      | Gained mutation: Your tail ends in a sharp poisonous barb. [potion of mutation]
   294 | D:1      | Reached XP level 2. HP: 6/26 MP: 2/2
  1121 | D:1      | Reached XP level 3. HP: 28/33 MP: 3/3
  1338 | D:2      | Found a faded altar to an unknown god.
  1418 | D:2      | Acquired Trog's second power
  1418 | D:2      | Reached skill level 1 in Maces & Flails
  1644 | D:2      | Found a glowing golden altar of the Shining One.
  1728 | D:2      | Reached XP level 4. HP: 30/40 MP: 4/4
  2013 | D:3      | Reached skill level 4 in Fighting
  2014 | D:3      | Noticed an ogre
  2016 | D:3      | Slain by an ogre

Vault maps used:
D:1:      minmay_arrival_stair_chambers
D:2:      tso_oasis_becter, ecumenical_altar_2, first_bread, serial_bayou_pond_e
D:3:      grunt_temple_overflow_gold_and_silver

Action                   |  1- 3 |  4- 6 || total
-------------------------+-------+-------++-------
Melee: Falchion          |    26 |       ||    26
       Flail             |    43 |       ||    43
       Spear             |    47 |    16 ||    63
Throw: Stone             |     1 |       ||     1
  Use: Scroll            |     5 |       ||     5
       Potion            |     5 |     1 ||     6
 Stab: Sleeping          |       |     1 ||     1
  Eat: Chunk             |     3 |       ||     3
